 Dungeon Crawl Stone Soup version 0.32-a0-314-g526f7d4993 (webtiles) character file.

Game seed: 15907565301704999981

210428 flinch the Crack Shot (level 18, -2/88 HPs)
             Began as a Spriggan Hunter on Feb 16, 2024.
             Was the Champion of Hepliaklqana.
             Slain by a +4 morningstar of protection (9 damage)
             ... on level 2 of the Orcish Mines.
             The game lasted 01:35:29 (47480 turns).

flinch the Crack Shot (Spriggan Hunter)            Turns: 47480, Time: 01:35:30

Health: -2/88      AC: 10    Str:  7    XL:     18   Next: 18%
Magic:  32/32      EV: 37    Int: 13    God:    Hepliaklqana [******]
Gold:   2393       SH:  0    Dex: 27    Spells: 17/35 levels left

rFire   . . .        b - +3 hand cannon (drain)
rCold   . . .        (no shield)
rNeg    . . .        Y - +3 steam dragon scales of Repulsion {rElec Dex-3 Stlth+}
rPois   .            N - +1 hat
rElec   +            M - +0 cloak "Ofoazaod" {Dex+6}
rCorr   .            (gloves unavailable)
SInv    +            (boots unavailable)
Will    +++..        E - amulet of magic regeneration
Stlth   ++++++       k - +4 ring of slaying
HPRegen 0.34/turn    I - ring of wizardry
MPRegen 0.63/turn

%: wizardry (x1)
@: very quick
A: reduced essence, very small, no large weapons, unfitting armour, see
invisible, speed 3
}: 1/15 runes: serpentine
a: Renounce Religion, Recall Ancestor, Ancestor Identity, Transference, Idealise


You were on level 2 of the Orcish Mines.
You worshipped Hepliaklqana.
Hepliaklqana was exalted by your worship.
You visited 7 branches of the dungeon, and saw 30 of its levels.
You also visited: Sewer, Gauntlet, Ice Cave and Volcano.

You collected 4940 gold pieces.
You spent 2547 gold pieces at shops.

Inventory:

Hand Weapons
 a - the +3 orcbow of Distraction {flame, rElec}
   (You bought it in a shop on level 2 of the Dungeon)

   rElec:     It insulates you from electricity.
 b - a +3 hand cannon of draining (weapon)
 A - the +3 dagger of Quick Death {pain, rF+ Str+2 Int+2}
   (You found it in a Gauntlet)

   Str+2:     It affects your strength (+2).
   Int+2:     It affects your intelligence (+2).
   rF+:       It protects you from fire.
Missiles
 x - 2 curare-tipped darts
 C - 3 throwing nets
Armour
 c - a +2 robe of willpower
 M - the +0 cloak "Ofoazaod" (worn) {Dex+6}
   (You found it on level 13 of the Dungeon)

   Dex+6:     It affects your dexterity (+6).
 N - a +1 hat (worn)
 S - an orb of guile
 V - a +2 cloak of fire resistance
 Y - the +3 steam dragon scales of Repulsion (worn) {rElec Dex-3 Stlth+}
   (You bought it in a shop on level 2 of the Orcish Mines)

   Dex-3:     It affects your dexterity (-3).
   rElec:     It insulates you from electricity.
   Stlth+:    It makes you more stealthy.
Jewellery
 k - a +4 ring of slaying (left hand)
 E - an amulet of magic regeneration (around neck)
 G - a ring of protection from cold
 I - a ring of wizardry (right hand)
Wands
 t - a wand of flame (39)
 u - a wand of mindburst (6)
 v - a wand of paralysis (16)
 y - a wand of polymorph (27)
 F - a wand of roots (28)
 P - a wand of acid (13)
Scrolls
 f - 7 scrolls of immolation
 g - a scroll of identify
 h - 3 scrolls of enchant armour
 m - 2 scrolls of amnesia
 n - 15 scrolls of teleportation
 o - 3 scrolls of summoning
 q - 4 scrolls of fog
 w - 5 scrolls of revelation
 z - 2 scrolls of silence
 B - 4 scrolls of blinking
 K - 3 scrolls of vulnerability
 L - 5 scrolls of fear
 U - a scroll of butterflies
 W - a scroll of enchant weapon
Potions
 d - 5 potions of heal wounds
 e - 5 potions of might
 i - 12 potions of brilliance
 j - 2 potions of degeneration {unknown}
 l - a potion of enlightenment {unknown}
 p - 3 potions of ambrosia {unknown}
 r - 10 potions of curing
 s - 2 potions of berserk rage
 D - 3 potions of lignification
 H - 2 potions of invisibility {unknown}
 J - 4 potions of haste
 O - a potion of resistance {unknown}
 Q - 2 potions of attraction {unknown}
 R - 3 potions of mutation {unknown}
 T - 3 potions of cancellation
Miscellaneous
 X - a condenser vane
 Z - a sack of spiders


   Skills:
 + Level 12.2 Fighting
 * Level 21.6 Ranged Weapons
 - Level 3.2 Armour
 - Level 16.0 Dodging
 + Level 9.3 Stealth
 - Level 9.0 Spellcasting
 + Level 13.0 Hexes
 - Level 10.0 Translocations
 + Level 5.9 Ice Magic
 + Level 5.3 Invocations
 - Level 10.0 Evocations


You had 17 spell levels left.
You knew the following spells:

 Your Spells              Type           Power      Damage    Failure   Level
a - Teleport Other        Tloc           32%        N/A       1%          3
b - Gell's Gravitas       Tloc           32%        N/A       1%          3
c - Inner Flame           Hex/Fire       22%        N/A       1%          3
d - Cause Fear            Hex            19%        N/A       1%          4
e - Metabolic Englaciati  Hex/Ice        15%        N/A       2%          5

Your spell library contained the following spells:

 Spells                   Type           Power      Damage    Failure   Level
 Lesser Beckoning         Tloc           64%        N/A       1%          2
 Frozen Ramparts          Ice            42%        1d7       1%          3
 Ozocubu's Armour         Ice            21%        N/A       1%          3
 Anguish                  Hex/Necr       11%        N/A       3%          4
 Foxfire                  Conj/Fire      20%        2x1d5     4%          1
 Hailstorm                Conj/Ice       13%        3d6       4%          3
 Summon Ice Beast         Ice/Summ       13%        N/A       4%          3
 Call Imp                 Summ           10%        N/A       8%          2
 Sublimation of Blood     Necr           5%         N/A       8%          2
 Silence                  Hex/Air        11%        N/A       10%         5
 Yara's Violent Unravell  Hex/Alch       11%        3d6       10%         5
 Enfeeble                 Hex            19%        N/A       21%         7
 Animate Dead             Necr           5%         N/A       43%         4
 Leda's Liquefaction      Alch/Erth      2%         N/A       43%         4
 Martyr's Knell           Necr/Summ      5%         N/A       43%         4
 Olgreb's Toxic Radiance  Alch           5%         N/A       43%         4
 Petrify                  Alch/Erth      5%         N/A       43%         4
 Discord                  Hex            19%        N/A       80%         8
 Sculpt Simulacrum        Ice/Alch       6%         N/A       89%         6
 Ozocubu's Refrigeration  Ice            10%        4d9       97%         7
 Conjure Ball Lightning   Conj/Air       2%         3x3d6     99%         6
 Death Channel            Necr           2%         N/A       99%         6
 Disjunction              Tloc           16%        N/A       99%         8
 Haunt                    Necr/Summ      2%         N/A       100%        7
 Spellforged Servitor     Conj/Summ      2%         N/A       100%        7
 Summon Hydra             Summ           2%         N/A       100%        7
 Borgnjor's Revivificati  Necr           2%         N/A       100%        8
 Infestation              Necr           2%         N/A       100%        8
 Death's Door             Necr           2%         N/A       100%        9


Dungeon Overview and Level Annotations

Branches:
Dungeon (15/15)            Temple (1/1) D:4            Lair (5/5) D:11
 Shoals (2/4) Lair:3        Snake (4/4) Lair:3        Slime (0/5) Lair:4
    Orc (2/2) D:10            Elf (1/3) Orc:2        Vaults (0/5) D:14
 Depths (0/4) D:15          Sewer (visited)           IceCv (visited)
Volcano (visited)         Gauntlet (visited)

Altars:
Ashenzari
Cheibriados
Dithmenos
Elyvilon
Fedhas
Gozag
Hepliaklqana
Kikubaaqudgha
Makhleb
Nemelex Xobeh
Okawaru
Qazlal
Ru
Sif Muna
Trog
Uskayaw
Vehumet
Wu Jian
Xom
Yredelemnul
Zin
The Shining One
Beogh
Jiyva

Shops:
D:2 *   D:11 :*[:*   Orc:2 [(*:   Snake:1 (([*

Annotations:
D:2 1 exclusion
D:10 1 runed translucent door
D:14 3 runed translucent doors
D:15 6 transporters
Shoals:1 Nikola
Orc:1 4 transporters, exclusion: downstairs
Elf:1 Azrael


Innate Abilities, Weirdness & Mutations

Your life essence is reduced to manifest your ancestor. (-10% HP)
You are very small and have problems with some larger weapons.
You are too small for most types of armour.
You have supernaturally acute eyesight. (SInv)
You cover ground extremely quickly. (Speed+++)


Message History

Items here: ) [ ÷÷.
You climb downwards.
Welcome back to the Elven Halls!
Level annotation: Azrael A hell hound comes into view.
The +4 morningstar of protection completely misses you.
The +4 morningstar of protection misses you.
The deep elf archer shoots an arrow.
The arrow completely misses you.
Goanup blocks the arrow.
The deep elf zephyrmancer mumbles some strange words.
The deep elf zephyrmancer blinks!
The deep elf pyromancer closely misses you.
There is a staircase back to the Mines, spattered with blood here.
Unknown command.
The +4 morningstar of protection hits you!!
The deep elf archer shoots an arrow.
The arrow closely misses you.
The arrow barely misses Goanup.
The +4 morningstar of protection hits you!!
The deep elf pyromancer gestures wildly while chanting.
The deep elf pyromancer blinks!
You climb upwards.
Welcome back to the Orcish Mines!
There is a staircase to the Elven Halls, spattered with blood here.
Items here: ) [ ÷÷.
Fire: b) +3 hand cannon (drain)
Press: ? - help, Q - select action, (/) - cycle Shift-Dir - straight line, f - +4 morningstar of protection
Aim: a +4 morningstar of protection (65% to hit)
You shoot a bolt.
The bolt hits the +4 morningstar of protection but does no damage.
The +4 morningstar of protection hits you!
Goanup hits the +4 morningstar of protection with a +0 broad axe of flaming.
Fire: b) +3 hand cannon (drain)
Press: ? - help, Q - select action, (/) - cycle Shift-Dir - straight line, f/p - +4 morningstar of protection
Aim: a +4 morningstar of protection (moderately damaged, ally target, 65% to hit)
You shoot a bolt.
The bolt hits the +4 morningstar of protection!!
The +4 morningstar of protection is almost destroyed.
The +4 morningstar of protection hits you!!
* * * LOW HITPOINT WARNING * * *
The +4 morningstar of protection hits you!
You die...
Hepliaklqana delivers you to your ancestors.

..#####..#.....#..####.....##....
...............#...............#.
...........[..[).................
#..###........................##.
....#......[)[[.....[.[........##
##...#......[[.[[#..#......#....#
.#............[..#......######.##
..#............☼)..[.....#.#.###
...#.#......[#..@).............##
..#.#.....[....R(......)...#....#
#.......[#................##....#
............)......#......#......
.....#.#............##[[........#
...###...............##..........
.####.............#...)........##
## #........#.......#........###
# ##..##....##....##.....#...##


You could see the friendly Goanup the knight and a +4 morningstar of protection
(ally target).

Vanquished Creatures
  Kirke (D:14)
  15 nagarajas
  Donald (Snake:3)
  An orc warlord (Orc:2)
  A reaper (IceCv)
  Nessos (Lair:5)
  A red draconian (Volcano)
  4 dire elephants (Lair:5)
  A minotaur (Gauntlet)
  A quicksilver dragon zombie (D:15)
  7 hydras
  3 salamander tyrants
  Erolcha (D:10)
  2 ogre magi
  10 centaur warriors
  A merfolk avatar (Shoals:1)
  7 anacondas
  11 two-headed ogres
  4 boulder beetles
  18 naga sharpshooters
  13 shock serpents
  9 naga warriors
  An orc high priest (Orc:2)
  A deep elf knight (D:14)
  Nergalle (Orc:1)
  3 skysharks
  A storm dragon zombie (D:15)
  3 salamander mystics
  A spark wasp zombie (D:15)
  A sea snake (Shoals:1)
  4 skeletal warriors
  8 mana vipers
  A deep troll (D:13)
  7 naga ritualists
  A harpy (shapeshifter) (D:13)
  A deep elf zephyrmancer (D:14)
  9 ugly things
  3 orc sorcerers (Orc:2)
  An oklob plant (Lair:3)
  2 harpies (Lair:3)
  6 deep elf pyromancers
  4 orc knights
  6 fauns (Shoals:1)
  A necromancer (D:15)
  10 manticores
  10 cyclopes
  17 salamanders
  36 black mambas
  4 elephants (Lair:3)
  An ice statue (IceCv)
  2 molten gargoyles (Volcano)
  2 kobold blastminers (Orc:2)
  6 guardian serpents
  2 gargoyles (Volcano)
  A rust devil (Gauntlet)
  9 naga magi
  4 torpor snails
  An unseen horror (D:11)
  17 cane toads
  5 rime drakes
  An efreet (D:13)
  2 freezing wraiths
  4 ice devils (IceCv)
  A tengu conjurer (D:15)
  14 komodo dragons
  6 trolls
  Grinder (D:5)
  A polar bear (Lair:5)
  4 blink frogs
  4 hornets (Lair:5)
  A snapping turtle (Shoals:1)
  2 slime creatures (D:12)
  10 dream sheep
  2 water elementals
  A spriggan (D:11)
  5 shadows
  A ynoxinul (Gauntlet)
  6 basilisks
  58 yaks
  10 wyverns
  3 wraiths
  A fire elemental (Orc:2)
  6 vampire mosquitoes
  8 wargs
  4 steam dragons
  2 redbacks (Lair:5)
  2 harpy simulacra (IceCv)
  35 nagas
  Edmund (D:5)
  25 water moccasins
  3 hell hounds
  2 acid dragons
  A hydra simulacrum (IceCv)
  21 orc warriors
  2 ice beasts
  3 swamp drakes (Lair:5)
  A sky beast (D:8)
  2 black bears
  A crocodile (Sewer)
  A boggart (D:14)
  15 centaurs
  16 wolves
  10 ogres
  A phantom (D:5)
  4 kobold brigands
  A brain worm (Sewer)
  13 bullfrogs
  A gnoll sergeant (D:11)
  A cane toad simulacrum (IceCv)
  2 two-headed ogre simulacra (IceCv)
  2 scorpions
  4 wights (D:6)
  13 killer bees
  A howler monkey (D:9)
  2 bombardier beetles
  3 hounds
  5 jellies
  Crazy Yiuf (D:5)
  15 orc priests
  8 iguanas
  3 iron imps (Gauntlet)
  2 sleepcaps (D:6)
  30 orc wizards
  6 hell rats (Lair:4)
  3 troll simulacra (IceCv)
  A spriggan simulacrum (IceCv)
  A polar bear simulacrum (IceCv)
  3 wolf simulacra (IceCv)
  9 gnolls
  10 adders
  A shadow imp (D:8)
  6 white imps
  3 ufetubi (IceCv)
  6 dart slugs
  4 ribbon worms
  61 orcs
  4 ball pythons
  12 bats
  13 endoplasms
  5 giant cockroaches
  8 goblins
  9 hobgoblins
  19 kobolds
  3 quokkas
  A frilled lizard (D:1)
  10 rats
  A butterfly (Lair:4)
  2 tentacles (Shoals:1)
918 creatures vanquished.

Vanquished Creatures (collateral kills)
  Jorgrun (D:14)
  A kraken (Shoals:1)
  A nagaraja (Snake:4)
  An anaconda (Snake:3)
  3 naga warriors
  2 boulder beetles
  A vampire mage (D:15)
  A naga sharpshooter (Snake:4)
  A shock serpent (Snake:2)
  2 skeletal warriors
  A salamander mystic (Snake:4)
  A swamp dragon (Lair:5)
  A mana viper (Snake:4)
  A deep elf zephyrmancer (Elf:1)
  A wolf spider (Lair:5)
  2 deep elf pyromancers
  A harpy (Lair:3)
  A manticore (D:9)
  2 salamanders
  A merfolk siren (Shoals:1)
  An elephant (Lair:3)
  4 black mambas
  A kobold blastminer (Orc:2)
  A guardian serpent (Snake:3)
  2 naga magi (Snake:3)
  A gargoyle (D:12)
  An ice statue (IceCv)
  3 cane toads
  A komodo dragon (Lair:1)
  An ice devil (IceCv)
  2 merfolk (Shoals:1)
  2 slime creatures (D:12)
  A water elemental (Shoals:2)
  A wyvern (Lair:5)
  8 yaks
  2 hogs (D:14)
  A warg (Orc:2)
  2 steam dragons (Lair:5)
  A vampire mosquito (D:14)
  6 nagas
  2 water moccasins
  An acid dragon (D:9)
  3 orc warriors
  An ogre (D:15)
  5 wolves
  A centaur (D:12)
  A kobold brigand (D:14)
  A bullfrog (Lair:5)
  A killer bee (D:10)
  2 orc priests
  A gnoll bouda (D:9)
  An iguana (Lair:5)
  A hell rat (Lair:4)
  3 orc wizards
  A gnoll (D:11)
  4 orcs
  3 endoplasms (Lair:4)
  2 kobolds
102 creatures vanquished.

Vanquished Creatures (others)
  An ice dragon (Lair:5)
  An unseen horror (D:12)
  12 knights
  6 tentacles (Shoals:1)
20 creatures vanquished.

Grand Total: 1040 creatures vanquished

Notes
Turn   | Place    | Note
-------+----------+-------------------------------------------
     0 | D:1      | flinch the Spriggan Hunter began the quest for the Orb.
     0 | D:1      | Reached XP level 1. HP: 10/10 MP: 2/2
    55 | D:1      | Reached XP level 2. HP: 14/14 MP: 3/3
   496 | D:1      | Reached skill level 5 in Ranged Weapons
   512 | D:1      | Reached XP level 3. HP: 18/18 MP: 4/4
   833 | D:2      | Reached XP level 4. HP: 22/22 MP: 5/5
   924 | D:2      | Found Moexkid's General Store.
   949 | D:2      | Bought a scroll of identify for 22 gold pieces
   994 | D:2      | Reached skill level 6 in Ranged Weapons
  1814 | D:3      | Reached XP level 5. HP: 25/25 MP: 6/6
  2532 | D:3      | Learned a level 3 spell: Teleport Other
  2581 | D:4      | Found a staircase to the Ecumenical Temple.
  2588 | D:4      | Identified the +3 quarterstaff "Syipimisha" {vamp, Will+}
  2625 | D:4      | Reached skill level 7 in Ranged Weapons
  2625 | D:4      | Reached skill level 1 in Translocations
  2685 | D:4      | Reached XP level 6. HP: 30/30 MP: 7/7
  2946 | D:4      | Found a glowing drain.
  2964 | Sewer    | Entered a sewer
  3157 | D:4      | Got Talunlyn's Excursus on Portents
  3530 | D:5      | Entered Level 5 of the Dungeon
  3580 | D:5      | Reached skill level 8 in Ranged Weapons
  3580 | D:5      | Reached XP level 7. HP: 33/33 MP: 8/8
  3853 | D:5      | Reached skill level 5 in Translocations
  3897 | D:5      | Noticed Grinder
  3906 | D:5      | Killed Grinder
  3907 | D:5      | Reached skill level 9 in Ranged Weapons
  3907 | D:5      | Reached XP level 8. HP: 37/37 MP: 9/9
  3973 | D:5      | Reached skill level 1 in Evocations
  4175 | D:5      | Identified a scroll of acquirement
  4176 | D:5      | Acquired 862 gold pieces
  4273 | D:2      | Bought the +3 orcbow of Distraction {flame, rElec} for 388
                  | gold pieces
  4273 | D:2      | Bought a scroll of revelation for 82 gold pieces
  4273 | D:2      | Bought 2 curare-tipped darts for 26 gold pieces
  4359 | Temple   | Entered the Ecumenical Temple
  4380 | Temple   | Became a worshipper of Hepliaklqana the Forgotten
  4482 | D:5      | Found a runed translucent door.
  4483 | D:5      | Noticed Crazy Yiuf
  4485 | D:5      | Noticed Edmund
  4530 | D:5      | Killed Edmund
  4549 | D:5      | Killed Crazy Yiuf
  4700 | D:5      | Found a radiant altar of Vehumet.
  4700 | D:5      | Found a shadowy altar of Dithmenos.
  4859 | D:6      | Noticed a boulder beetle
  5410 | D:6      | Reached skill level 10 in Ranged Weapons
  5773 | D:6      | Identified the +4 halberd of Ru {drain, rN+}
  5983 | D:6      | Reached skill level 1 in Spellcasting
  5983 | D:6      | Reached XP level 9. HP: 42/42 MP: 9/11
  6239 | D:6      | Killed a boulder beetle
  6416 | D:6      | Reached skill level 11 in Ranged Weapons
  6416 | D:6      | Reached skill level 5 in Dodging
  7337 | D:7      | Reached * piety under Hepliaklqana
  7693 | D:7      | Reached XP level 10. HP: 44/44 MP: 16/18
  8441 | D:8      | Reached skill level 1 in Armour
  8649 | D:8      | Reached skill level 12 in Ranged Weapons
  8746 | D:8      | Reached ** piety under Hepliaklqana
  8747 | D:8      | Remembered your ancestor Goanup as a knight
  9347 | D:9      | Noticed a centaur warrior
  9356 | D:9      | Killed a centaur warrior
  9360 | D:9      | Noticed a boulder beetle
  9372 | D:9      | Killed a boulder beetle
  9447 | D:9      | Identified the +4 sling of Subjectivity {elec, rElec}
  9452 | D:9      | Got the Notes on the Jinx
  9471 | D:9      | Learned a level 3 spell: Gell's Gravitas
  9505 | D:9      | Noticed a manticore
  9509 | D:9      | Killed a manticore
  9510 | D:9      | Reached skill level 10 in Dodging
  9721 | D:9      | Found a blossoming altar of Fedhas.
  9730 | D:9      | Identified the +0 robe of Defiance {Will- Int+6 Dex+2
                  | Archmagi}
  9814 | D:9      | Noticed a two-headed ogre
  9817 | D:9      | Killed a two-headed ogre
  9818 | D:9      | Reached skill level 5 in Fighting
  9818 | D:9      | Reached XP level 11. HP: 49/49 MP: 19/19
  9846 | D:9      | Reached skill level 13 in Ranged Weapons
 10347 | D:10     | Entered Level 10 of the Dungeon
 10464 | D:10     | Noticed a sixfirhy
 10466 | D:10     | Found a runed translucent door.
 10485 | D:10     | Found a staircase to the Orcish Mines.
 10506 | D:10     | Noticed a two-headed ogre
 10511 | D:10     | Killed a two-headed ogre
 10855 | D:10     | Reached *** piety under Hepliaklqana
 11016 | D:10     | Noticed Erolcha
 11022 | D:10     | Killed Erolcha
 11289 | Orc:1    | Entered Level 1 of the Orcish Mines
 11701 | Orc:1    | Found an ornate altar of the Wu Jian Council.
 11701 | Orc:1    | Found a transporter.
 11709 | Orc:1    | Noticed Nergalle
 11864 | Orc:1    | Killed Nergalle
 11865 | Orc:1    | Reached skill level 14 in Ranged Weapons
 11865 | Orc:1    | Reached skill level 5 in Stealth
 11888 | Orc:1    | Found a transporter.
 11925 | Orc:1    | Found a transporter.
 11925 | Orc:1    | Noticed an orc knight
 11926 | Orc:1    | Noticed an orc knight
 12015 | Orc:1    | Found a transporter.
 12015 | Orc:1    | Noticed an orc warlord
 12017 | Orc:1    | Found an ornate altar of the Wu Jian Council.
 12141 | Orc:2    | Entered Level 2 of the Orcish Mines
 12263 | Orc:2    | Found a staircase to the Elven Halls.
 12371 | Orc:2    | Noticed an orc sorcerer
 12386 | Orc:2    | Killed an orc sorcerer
 12444 | Orc:2    | Reached XP level 12. HP: 54/54 MP: 20/20
 12657 | Orc:2    | Noticed a two-headed ogre
 12664 | Orc:2    | Killed a two-headed ogre
 13326 | Orc:2    | Noticed an orc warlord
 13625 | Orc:2    | Noticed an orc high priest
 14063 | D:11     | Reached skill level 1 in Invocations
 14105 | D:11     | Found Wiera Webu's General Store.
 14113 | D:11     | Bought a scroll of fear for 52 gold pieces
 14119 | D:11     | Found Ugemeha's Antique Armour Emporium.
 14125 | D:11     | Found Qydojon's Book Emporium.
 14190 | D:11     | Reached skill level 15 in Ranged Weapons
 14378 | D:11     | Found a staircase to the Lair.
 14425 | D:11     | Found Ligrody's General Store.
 14826 | D:11     | Bought a potion of curing for 45 gold pieces
 14881 | D:11     | Found Haivau's Book Shoppe.
 15512 | D:12     | Reached **** piety under Hepliaklqana
 16040 | D:12     | Reached skill level 15 in Dodging
 16089 | D:12     | Noticed a centaur warrior
 16106 | D:12     | Noticed a two-headed ogre
 16109 | D:12     | Killed a centaur warrior
 16113 | D:12     | Killed a two-headed ogre
 16195 | D:12     | Noticed a two-headed ogre
 16201 | D:12     | Killed a two-headed ogre
 16202 | D:12     | Reached XP level 13. HP: 60/60 MP: 21/21
 16865 | D:13     | Reached skill level 16 in Ranged Weapons
 16953 | D:13     | Found a frozen archway.
 16967 | IceCv    | Entered an ice cave
 18356 | IceCv    | Learned a level 3 spell: Inner Flame
 18639 | IceCv    | Noticed a reaper
 18690 | IceCv    | Killed a reaper
 18854 | D:13     | Reached skill level 1 in Hexes
 19325 | D:13     | Identified the +0 cloak "Ofoazaod" {Dex+6}
 20284 | Lair:1   | Entered Level 1 of the Lair of Beasts
 20284 | Lair:1   | Reached ***** piety under Hepliaklqana
 20943 | Lair:2   | Found a dark tunnel.
 20950 | Lair:2   | Reached skill level 17 in Ranged Weapons
 20956 | Volcano  | Entered a volcano
 20969 | Volcano  | Reached XP level 14. HP: 66/66 MP: 22/22
 22197 | Volcano  | Noticed an orb of fire
 22277 | Volcano  | Reached skill level 10 in Translocations
 22431 | Volcano  | Noticed an orb of fire
 22637 | Lair:2   | Found a basalt altar of Yredelemnul.
 22920 | Lair:2   | Reached skill level 5 in Hexes
 23041 | Lair:3   | Found a gate leading to a gauntlet.
 23051 | Gauntlet | Entered a Gauntlet
 23051 | Gauntlet | Found a transporter.
 23051 | Gauntlet | Found a transporter.
 23059 | Gauntlet | Found a transporter.
 23063 | Gauntlet | Found a transporter.
 23074 | Gauntlet | Found a transporter.
 23075 | Gauntlet | Found a transporter.
 23084 | Gauntlet | Found a transporter.
 23100 | Gauntlet | Found a transporter.
 23115 | Gauntlet | Found a transporter.
 23118 | Gauntlet | Found a transporter.
 23129 | Gauntlet | Found a transporter.
 23130 | Gauntlet | Found a transporter.
 23131 | Gauntlet | Found a runed translucent door.
 23272 | Gauntlet | Got the Notes on Assistive Malignant Magic
 23351 | Gauntlet | Identified the +3 dagger of Quick Death {pain, rF+ Str+2
                  | Int+2}
 23611 | Lair:3   | Found a staircase to the Snake Pit.
 23846 | Lair:3   | Reached skill level 5 in Spellcasting
 24014 | Lair:3   | Identified the ring "Laellik" {Fire Dex+3 SInv}
 24190 | Lair:3   | Found a staircase to the Shoals.
 25025 | Lair:4   | Found a viscous altar of Jiyva.
 25027 | Lair:4   | Found a staircase to the Slime Pits.
 25148 | Lair:4   | Learned a level 4 spell: Cause Fear
 26047 | Lair:5   | Entered Level 5 of the Lair of Beasts
 26144 | Lair:4   | Reached skill level 18 in Ranged Weapons
 26281 | Lair:5   | Found a shimmering altar of Xom.
 26283 | Lair:5   | Identified the +2 triple crossbow "Zoxuxaet" {freeze, rF+
                  | Int+4}
 26701 | Lair:5   | Reached XP level 15. HP: 72/72 MP: 26/26
 26861 | Lair:5   | Reached ****** piety under Hepliaklqana
 26871 | Lair:5   | Noticed Nessos
 26880 | Lair:5   | Killed Nessos
 28258 | Lair:5   | Reached skill level 10 in Fighting
 29725 | Shoals:1 | Entered Level 1 of the Shoals
 29734 | Lair:3   | Reached skill level 19 in Ranged Weapons
 30728 | Shoals:1 | Noticed a kraken
 30882 | Shoals:1 | Killed a kraken
 30959 | Shoals:1 | Noticed Nikola
 30964 | Shoals:1 | Noticed a kraken
 31321 | Snake:1  | Entered Level 1 of the Snake Pit
 31336 | Snake:1  | Found Dutt's Assorted Antiques.
 31341 | Snake:1  | Found Luiniwn's Magic Scroll Boutique.
 31346 | Snake:1  | Bought a white potion for 36 gold pieces
 31346 | Snake:1  | Bought a fuming coppery potion for 36 gold pieces
 31455 | Snake:1  | Found Adevups's Antique Weapon Boutique.
 31559 | Snake:1  | Reached skill level 5 in Evocations
 31628 | Snake:1  | Found Zezump's Armour Shop.
 31763 | Snake:1  | Found Gacahol's Weapon Shoppe.
 31813 | Snake:1  | Learned a level 5 spell: Metabolic Englaciation
 32130 | Snake:1  | Reached XP level 16. HP: 77/77 MP: 30/30
 32311 | Snake:2  | Reached skill level 1 in Ice Magic
 32457 | Snake:2  | Reached skill level 10 in Hexes
 33876 | Snake:3  | Reached skill level 20 in Ranged Weapons
 34178 | Snake:4  | Entered Level 4 of the Snake Pit
 35603 | Snake:3  | Noticed Donald
 35609 | Snake:3  | Killed Donald
 37233 | Snake:4  | Reached XP level 17. HP: 38/81 MP: 31/31
 40897 | Snake:4  | Got Sif Muna's Annotations on the Salvo and Azoth
 40988 | Snake:4  | Reached skill level 21 in Ranged Weapons
 41932 | Snake:4  | Reached skill level 5 in Ice Magic
 42126 | Snake:4  | Got a serpentine rune of Zot
 42788 | Lair:1   | Identified the +4 battleaxe "Nycyqoedgh" {freeze, rC+
                  | Str+3}
 43554 | D:14     | Reached skill level 10 in Evocations
 43598 | D:14     | Noticed Jorgrun
 43603 | D:14     | Killed Jorgrun
 43627 | D:14     | Found a runed translucent gate.
 43628 | D:14     | Found a runed translucent gate.
 43629 | D:14     | Found a runed translucent gate.
 44737 | D:14     | Found a gate to the Vaults.
 44960 | D:14     | Identified the ring "Kuemierph" {MP-9 EV+5 Str+3 Int+3}
 45058 | D:14     | Noticed Kirke
 45064 | D:14     | Killed Kirke
 45165 | D:14     | Identified the +2 whip "Upei" {freeze, +Blink Str+3}
 45352 | D:15     | Entered Level 15 of the Dungeon
 45493 | D:15     | Found a transporter.
 45498 | D:15     | Found a transporter.
 45498 | D:15     | Found a transporter.
 45499 | D:15     | Found a sparkling altar of Nemelex Xobeh.
 45502 | D:15     | Noticed a juggernaut
 45504 | D:15     | Found a transporter.
 45505 | D:15     | Found a transporter.
 45678 | D:15     | Found a transporter.
 45782 | D:15     | Found a burning altar of Makhleb.
 45908 | D:15     | Reached skill level 5 in Invocations
 45937 | D:15     | Reached XP level 18. HP: 88/88 MP: 32/32
 45949 | D:15     | Found a staircase to the Depths.
 46997 | Orc:2    | Found a roughly hewn altar of Beogh.
 47001 | Orc:2    | Found Cekhlurr's Book Shop.
 47016 | Orc:2    | Found Paydgh's General Store.
 47024 | Orc:2    | Bought a potion of haste for 140 gold pieces
 47024 | Orc:2    | Bought a potion of haste for 140 gold pieces
 47024 | Orc:2    | Bought a potion of haste for 140 gold pieces
 47050 | Orc:2    | Found Cepsu's Antique Armour Shop.
 47056 | Orc:2    | Bought faintly glowing steam dragon scales for 1440 gold
                  | pieces
 47056 | Orc:2    | Identified the +3 steam dragon scales of Repulsion {rElec
                  | Dex-3 Stlth+} (You bought it in a shop on level 2 of the
                  | Orcish Mines)
 47065 | Orc:2    | Found Agaowi's Antique Weapon Shop.
 47282 | Elf:1    | Entered Level 1 of the Elven Halls
 47315 | Elf:1    | Noticed Azrael
 47480 | Orc:2    | Slain by a +4 morningstar of protection

Illustrated notes

Levels and vault maps discovered:
D:1:      zaba_arrival_water, layout_loops_ring
D:2:      minmay_wonky_spiral, layout_basic, serial_shops,
          nicolae_shop_getting_attention, item_on_display_a
D:3:      layout_loops_corners, serial_forest, infiniplex_forest_join,
          infiniplex_forest_lined_corner, infiniplex_forest_end_1,
          infiniplex_forest_lined_3_way, infiniplex_forest_straight_1,
          infiniplex_forest_corner_1, infiniplex_forest_clump_cross,
          infiniplex_forest_corner_1, infiniplex_forest_split
D:4:      layout_loops_ring, minmay_temple_entry_mini_moons,
          cheibrodos_sewer_entry_bend
D:5:      layout_loops_cross, amethyst_overflow_temple_binary, uniq_grinder,
          uniq_crazy_yiuf_cottage, uniq_edmund
D:6:      layout_loops_ring, nicolae_kite_square_tiling_tiny, minivault_22,
          minmay_manual_moon
D:7:      layout_basic
D:8:      layout_layer_cave
D:9:      hellmonk_destroyed_diamonds, layout_basic, mainiacjoe_overflow_paths,
          minmay_the_grid_2x2 [minmay_the_grid_fan,
          minmay_the_grid_outer_circle, minmay_the_grid_outer_diamond,
          minmay_the_grid_prize_diamond_cup]
D:10:     cheibrodos_shockbox, layout_long_grid, orc_0_dummy, uniq_erolcha
D:11:     layout_long_grid, hellmonk_lair_entry_icy, serial_shops, shop, shop,
          shop, nicolae_book_shop_shelving, nicolae_shop_trees, st_stairs_2,
          the_hattery
D:12:     layout_loops_cross, minmay_joined_circles
D:13:     dreamdust_cave_troll, layout_grid_maze, portal_ice_cave_rime
D:14:     layout_roguey, hangedman_vaults_entry_quadrant_bands,
          ploomutoo_gammafunk_ghost_potion_laboratory, serial_bayou_shore_a,
          uniq_jorgrun, uniq_kirke
D:15:     gammafunk_depths_entry_grave, layout_irregular_city, bloody_makhleb,
          abandoned_shop, hellmonk_jugg_or_not
Temple:   nicolae_temple_bog_church
Lair:1:   wad_woods_structure_01, layout_hall_layers, serial_bayou_lagoon_a,
          lemuel_fruit_tree
Lair:2:   layout_gridlike, enter_volcano_3, basic_altar
Lair:3:   layout_cave_pods, minmay_shoals_entry_beasts,
          guppyfry_snake_entry_garden, gauntlet_entry_generic
Lair:4:   beargit_carnivore_pack, layout_layer_cave, slime_entry_2,
          lemuel_fruit_fields
Lair:5:   hangedman_lair_tendril_chambers, layout_regular_city,
          guppyfry_lair_end_dragon, basic_altar, nicolae_lair_lakeside_cave,
          uniq_nessos
Shoals:1: nicolae_shoals_lighthouse, layout_shoals, serial_shops,
          nicolae_shop_temple_entry_statues_fountains,
          nicolae_shoals_enchanted_isle, uniq_nikola
Shoals:2: layout_shoals, nicolae_shoals_former_cling_halls, uniq_mlioglotl
Snake:1:  layout_grid_shapes, serial_shops, shop, shop, shop,
          nicolae_shop_back_alley_shop, shop,
          serial_library_hellmonk_reading_circle, statue_in_the_mist_lemuel,
          nicolae_triple_integral
Snake:2:  layout_grid_maze
Snake:3:  layout_cave_pods, uniq_donald
Snake:4:  grunt_snake_rune_spirals, layout_concentric_octagons
Orc:1:    dreamdust_wu_jian_sword_trials, layout_caves, uniq_nergalle
Orc:2:    grunt_orc_cross, layout_caves
Elf:1:    elf_arrival_002, layout_gridlike, trove_entry_hex_spiral,
          hangedman_elf_represent, uniq_roxanne, uniq_zenata, uniq_azrael

Skill      XL: |  1  2  3  4  5  6  7  8  9 10 11 12 13 14 15 16 17 18 |
---------------+-------------------------------------------------------+-----
Ranged Weapons | 5 6 7 8 9 10 11 12 14 15 17 18 19 20 21 | 21.6
Translocations | 1 3 5 7 9 10 | 10.0
Dodging        | 4 7 10 13 15 16 | 16.0
Evocations     | 4 5 8 10 | 10.0
Spellcasting   | 1 4 7 9 |  9.0
Fighting       | 3 5 6 7 8 9 10 11 12 | 12.2
Armour         | 2 3 |  3.2
Stealth        | 6 7 8 9 |  9.3
Invocations    | 3 4 5 |  5.3
Hexes          | 4 7 9 11 12 13 | 13.0
Ice Magic      | 3 5 |  5.9

Action                     |  1- 3 |  4- 6 |  7- 9 | 10-12 | 13-15 | 16-18 || total
---------------------------+-------+-------+-------+-------+-------+-------++-------
   Fire: Shortbow          |    54 |   148 |    57 |       |       |       ||   259
         Orcbow            |       |       |   162 |   637 |  1256 |   113 ||  2168
         Hand cannon       |       |       |       |       |     9 |   599 ||   608
  Throw: Dart              |       |       |     2 |     2 |       |       ||     4
   Cast: Cause Fear        |       |       |       |       |     2 |     5 ||     7
         Inner Flame       |       |       |       |       |       |    19 ||    19
         Metabolic Englaci |       |       |       |       |       |     4 ||     4
 Invoke: Ancestor Life: Kn |       |       |       |     1 |       |       ||     1
         Recall Ancestor   |       |       |       |     7 |    19 |     9 ||    35
  Evoke: Condenser vane    |       |       |       |       |     1 |       ||     1
    Use: Scroll            |       |     3 |     3 |     2 |    11 |     3 ||    22
 Armour: Robe              |     3 |     3 |    16 |    10 |    56 |    44 ||   132
         Steam dragon scal |       |       |       |    14 |       |     8 ||    22
  Dodge: Dodged            |     8 |    19 |    43 |   153 |   264 |   210 ||   697

Table legend: (Time is in decaauts)
 A = Elapsed time spent in this place.
 B = Non-inter-level travel time spent in this place.
 C = Inter-level travel time spent in this place.
 D = Time resting spent in this place.
 E = Time spent auto-exploring this place.
 F = Levels seen in this place.
 G = Mean time per level.
                   A        B        C        D        E       F      G
               +--------+--------+--------+--------+--------+-----+--------+
         Total |  38012 |  36726 |   1286 |  19683 |   9013 |  34 | 1118.0 |
       Dungeon |  14285 |  13579 |    706 |   5611 |   5088 |  15 |  952.3 |
        Temple |     28 |      3 |     25 |      0 |      0 |   1 |   28.0 |
          Lair |   6802 |   6541 |    261 |   2779 |   2095 |   5 | 1360.4 |
        Shoals |    999 |    995 |      4 |    687 |     54 |   2 |  499.5 |
     Snake Pit |   9557 |   9365 |    192 |   6344 |   1270 |   4 | 2389.2 |
  Orcish Mines |   2951 |   2855 |     96 |   1861 |    383 |   2 | 1475.5 |
   Elven Halls |     15 |     15 |      0 |      0 |      0 |   1 |   15.0 |
         Sewer |     83 |     83 |      0 |     17 |      7 |   1 |   83.0 |
      Ice Cave |   1671 |   1671 |      0 |   1305 |      4 |   1 | 1671.0 |
       Volcano |   1420 |   1420 |      0 |   1077 |     54 |   1 | 1420.0 |
      Gauntlet |    196 |    196 |      0 |      0 |     56 |   1 |  196.0 |
               +--------+--------+--------+--------+--------+-----+--------+

Top non-repeatable levels by time:
 Snake:4: 5819 daAuts
  Lair:5: 2732 daAuts
   Orc:2: 2288 daAuts
  Lair:3: 1770 daAuts
    D:14: 1769 daAuts
 Snake:3: 1759 daAuts
   IceCv: 1671 daAuts
     D:6: 1527 daAuts
 Volcano: 1420 daAuts
 Snake:2: 1269 daAuts
    D:12: 1262 daAuts
    D:13: 1195 daAuts
    D:11: 1174 daAuts
     D:8: 1088 daAuts
Shoals:1: 992 daAuts
